[Event "WYCC 2018 G18"]
[Site "Halkidiki"]
[Date "2018.10.21"]
[Round "3"]
[White "Miller, Rachel"]
[Black "Janiashvili, Mariami"]
[Result "0-1"]
[ECO "B06"]
[WhiteElo "1859"]
[BlackElo "2081"]
[Annotator "NA"]
[PlyCount "66"]
[EventDate "2018.10.20"]
[EventType "swiss"]
[EventCountry "GRE"]
[SourceTitle "playchess.com"]
[Source "ChessBase"]
[SourceQuality "1"]
[TimeControl "40/5400+30:1800+30"]

1. e4 g6 2. d4 Bg7 3. Nc3 d6 4. Be3 Nd7 5. Qd2 c6 6. Nf3 b5 7. Bd3 Ngf6 8. h3 O-O 9. O-O e5 10. dxe5 dxe5 11. Ne2 a6 12. a4 Bb7 13. Ng3 Qe7 14. axb5 cxb5 15. Bh6 Bxh6 16. Qxh6 Rfe8 17. Nh4 Kh8 18. Rad1 Ng8 19. Qd2 Qxh4 20. Bxb5 axb5 21. Qxd7 Qe7 22. Qxb5 Ba6 23. Qc6 Rec8 24. Qd7 Qxd7 25. Rxd7 Bxf1 26. Nxf1 Rxc2 27. Ne3 Ra1+ 28. Kh2 Rxf2 29. Ng4 Rxb2 30. Rxf7 Raa2 31. Kg3 g5 32. Rc7 Rxg2+ 33. Kf3 Rgc2 0-1

[Event "WYCC 2018 G18"]
[Site "Halkidiki"]
[Date "2018.10.21"]
[Round "3"]
[White "Nguyen, Thi Minh Thu"]
[Black "Vanduyfhuys, Daria"]
[Result "1-0"]
[ECO "D52"]
[WhiteElo "1849"]
[BlackElo "2058"]
[Annotator "NA"]
[PlyCount "109"]
[EventDate "2018.10.20"]
[EventType "swiss"]
[EventCountry "GRE"]
[SourceTitle "playchess.com"]
[Source "ChessBase"]
[SourceQuality "1"]
[TimeControl "40/5400+30:1800+30"]

1. d4 Nf6 2. c4 e6 3. Nc3 d5 4. Nf3 c6 5. Bg5 Nbd7 6. e3 Be7 7. Bd3 O-O 8. O-O dxc4 9. Bxc4 Nd5 10. Bxe7 Qxe7 11. a3 Nxc3 12. bxc3 e5 13. Bb3 e4 14. Nd2 Nf6 15. Qb1 Re8 16. a4 Bg4 17. Bd1 Bxd1 18. Rxd1 Rad8 19. c4 Qc7 20. a5 Re6 21. h3 Re7 22. c5 Rd5 23. a6 Qc8 24. axb7 Rxb7 25. Qc2 Kf8 26. Rdb1 Re7 27. Qb3 Ne8 28. Nf1 h5 29. Qb8 Qd7 30. Rb2 Rg5 31. Qf4 Rf5 32. Qb8 Rg5 33. Ng3 f6 34. Qf4 Rg6 35. Qf5 Qxf5 36. Nxf5 Rd7 37. Rb8 Kf7 38. Ng3 Ke7 39. Nxe4 h4 40. Ra8 f5 41. Nd2 f4 42. Nf3 Re6 43. Ne5 Rxe5 44. dxe5 fxe3 45. fxe3 Nc7 46. R8xa7 Ke6 47. Rb7 g5 48. Kh2 Nd5 49. Rxd7 Kxd7 50. Rd1 Ke7 51. e4 Nb4 52. Rd6 Ke8 53. g3 Ke7 54. gxh4 gxh4 55. Kg2 1-0

[Event "WYCC 2018 G18"]
[Site "Halkidiki"]
[Date "2018.10.21"]
[Round "3"]
[White "Cibikova, Sofia Anna"]
[Black "Greibrokk, Ingrid"]
[Result "1-0"]
[ECO "B24"]
[WhiteElo "1809"]
[BlackElo "2018"]
[Annotator "NA"]
[PlyCount "137"]
[EventDate "2018.10.20"]
[EventType "swiss"]
[EventCountry "GRE"]
[SourceTitle "playchess.com"]
[Source "ChessBase"]
[SourceQuality "1"]
[TimeControl "40/5400+30:1800+30"]

1. e4 c5 2. Nc3 Nc6 3. g3 g6 4. Bg2 Bg7 5. d3 e6 6. f4 Nge7 7. Nf3 d5 8. O-O O-O 9. Re1 {[%emt 0:05:09] B24: Closed Sicilian: 3 g3 sidelines} (9. Kh1 b6 10. Qe1 Bb7 11. g4 Nd4 12. Qf2 dxe4 13. dxe4 Nec6 14. Be3 Nxf3 15. Bxf3 Nd4 16. Bg2 Qe7 17. Rae1 {0-1 (28) Tomilova,E (2328)-Voit,D (2352) Sochi 2018}) 9... dxe4 10. Nxe4 b6 11. Rb1 $146 ({Predecessor:} 11. c3 Bb7 12. Qe2 Qd7 13. Ne5 Nxe5 14. fxe5 Bxe5 15. Nxc5 bxc5 16. Qxe5 Bxg2 {1-0 (28) Kirilloff,V-Ramos,F LSS email 2006}) 11... Bb7 12. Bd2 Nf5 13. Bc3 Nfd4 14. Qd2 Qc7 15. Qf2 Rfd8 16. Nxd4 cxd4 17. Bd2 Rac8 18. Rbc1 Qb8 19. Bh3 Ne7 20. Ng5 Nf5 21. Nf3 Qd6 22. Ne5 Bxe5 23. Rxe5 Qc6 24. Bg2 Qxg2+ 25. Qxg2 Bxg2 26. Kxg2 Rc6 27. Kf2 Nh6 28. h3 f6 29. Re2 Nf7 30. Bb4 e5 31. Bd2 a5 32. Kf3 Rd5 33. a4 f5 34. Ree1 Kg7 35. fxe5 Rxe5 36. Rxe5 Nxe5+ 37. Kf2 Kf6 38. Bf4 g5 39. Bxe5+ Kxe5 40. c4 Kd6 41. Re1 Rc7 42. g4 Rf7 43. Kg3 h6 44. Re8 Rf6 45. Rd8+ Kc5 46. Rd5+ Kb4 47. Rb5+ Kxa4 48. gxf5 h5 49. Kf3 Rh6 $2 (49... Rd6 50. Ke4 g4 51. hxg4 hxg4) 50. Ke4 g4 51. hxg4 h4 52. Kxd4 h3 53. Kc3 Rd6 54. f6 (54. Re5 $142 Rxd3+ 55. Kxd3 b5 56. Rxb5 h2 57. Kc3 (57. b3+ Ka3 $11) 57... h1=Q 58. b3+ Ka3 59. Rxa5#) 54... h2 55. Rh5 Rxf6 56. Rxh2 Rf1 57. Rg2 b5 58. cxb5 Rf6 59. g5 Rg6 60. b6 Rxb6 61. g6 Rb3+ 62. Kc2 Rb8 63. g7 Rc8+ 64. Kd2 Rg8 65. d4 Kb3 66. Kd3 a4 67. d5 a3 68. bxa3 Kxa3 69. Kd4 1-0

[Event "WYCC 2018 G18"]
[Site "Halkidiki"]
[Date "2018.10.21"]
[Round "3"]
[White "Mocanu, Valeria"]
[Black "Tsivelekidou, Evgenia"]
[Result "1-0"]
[ECO "B11"]
[WhiteElo "1800"]
[BlackElo "1891"]
[Annotator "NA"]
[PlyCount "83"]
[EventDate "2018.10.20"]
[EventType "swiss"]
[EventCountry "GRE"]
[SourceTitle "playchess.com"]
[Source "ChessBase"]
[SourceQuality "1"]
[TimeControl "40/5400+30:1800+30"]

1. e4 c6 2. Nc3 d5 3. Nf3 Bg4 4. h3 Bxf3 5. Qxf3 Nf6 6. d3 e6 7. g3 Bb4 8. Bd2 Qb6 9. O-O-O d4 10. Ne2 Bxd2+ 11. Rxd2 Nbd7 12. g4 c5 13. Rd1 Qa5 14. Kb1 b5 15. Qg3 Qb6 16. e5 Ng8 17. f4 Ne7 18. Bg2 Rb8 19. Rhf1 Qc7 20. c3 dxc3 21. Nxc3 f5 22. exf6 Nxf6 23. Rde1 b4 24. Ne4 Nxe4 25. Rxe4 O-O 26. Rxe6 Qd7 27. f5 Nd5 28. Bxd5 Qxd5 29. Qf3 Qd7 30. Rfe1 b3 31. a3 Rbd8 32. d4 Qxd4 33. Qxb3 Rb8 34. Qc2 Rfd8 35. Rc1 c4 36. Re2 Rdc8 37. Qc3 Qd6 38. Rd2 Qe7 39. Rdc2 Qe4 40. Re1 Qd5 41. Re7 Qd1+ 42. Ka2 1-0

[Event "WYCC 2018 G18"]
[Site "Halkidiki"]
[Date "2018.10.21"]
[Round "3"]
[White "Perry, Tal"]
[Black "Du, Yuxin"]
[Result "1/2-1/2"]
[ECO "B14"]
[WhiteElo "1702"]
[BlackElo "2011"]
[Annotator "NA"]
[PlyCount "71"]
[EventDate "2018.10.20"]
[EventType "swiss"]
[EventCountry "GRE"]
[SourceTitle "playchess.com"]
[Source "ChessBase"]
[SourceQuality "1"]
[TimeControl "40/5400+30:1800+30"]

1. e4 c6 2. d4 d5 3. exd5 cxd5 4. c4 Nf6 5. Nc3 e6 6. Nf3 Nc6 7. c5 Ne4 8. Qc2 f5 9. Bb5 Bd7 10. Bxc6 Bxc6 11. Ne5 Be7 12. O-O Bf6 13. Nxc6 bxc6 14. Ne2 O-O 15. Qa4 Qd7 16. f3 Ng5 17. Bf4 Nf7 18. Rab1 Rfe8 19. Bg3 e5 20. dxe5 Nxe5 21. Bxe5 Bxe5 22. Nd4 Bxd4+ 23. Qxd4 Re2 24. Rfe1 Rae8 25. Rxe2 Rxe2 26. Kf1 Qe7 27. Qc3 Re3 28. Qd4 f4 29. b4 Qh4 30. h3 Qg3 31. b5 Rxf3+ 32. gxf3 Qxf3+ 33. Kg1 Qg3+ 34. Kf1 Qf3+ 35. Kg1 Qg3+ 36. Kf1 1/2-1/2

[Event "WYCC 2018 G18"]
[Site "Halkidiki"]
[Date "2018.10.21"]
[Round "3"]
[White "Rakic, Tijana"]
[Black "Nguyen, Hong Ngoc"]
[Result "1/2-1/2"]
[ECO "A08"]
[WhiteElo "1651"]
[BlackElo "1861"]
[Annotator "NA"]
[PlyCount "51"]
[EventDate "2018.10.20"]
[EventType "swiss"]
[EventCountry "GRE"]
[SourceTitle "playchess.com"]
[Source "ChessBase"]
[SourceQuality "1"]
[TimeControl "40/5400+30:1800+30"]

1. e4 e6 2. d3 d5 3. Nd2 Nf6 4. Ngf3 c5 5. g3 Be7 6. Bg2 Nc6 7. O-O O-O 8. Re1 b6 9. e5 Nd7 10. Nf1 Bb7 11. h4 Re8 12. N1h2 f6 13. exf6 Bxf6 14. Ng5 Nf8 15. Qh5 Qd7 16. Ng4 Bxg5 17. Qxg5 Qe7 18. Qh5 Qf7 19. Qg5 Qe7 20. Ne5 Qxg5 21. Bxg5 Nxe5 22. Rxe5 Nd7 23. Re2 h6 24. Bd2 Re7 25. Rae1 Rae8 26. a4 1/2-1/2

[Event "WYCC 2018 G18"]
[Site "Halkidiki"]
[Date "2018.10.21"]
[Round "3"]
[White "Yurdakul, Didem Nuray"]
[Black "Manova, Ivana"]
[Result "0-1"]
[ECO "C55"]
[WhiteElo "1604"]
[BlackElo "1951"]
[Annotator "NA"]
[PlyCount "78"]
[EventDate "2018.10.20"]
[EventType "swiss"]
[EventCountry "GRE"]
[SourceTitle "playchess.com"]
[Source "ChessBase"]
[SourceQuality "1"]
[TimeControl "40/5400+30:1800+30"]

1. e4 e5 2. Nf3 Nc6 3. d4 exd4 4. Bc4 Nf6 5. e5 d5 6. Bb5 Ne4 7. Nxd4 Bc5 8. Be3 Bd7 9. Bxc6 bxc6 10. O-O O-O 11. f3 Ng5 12. f4 Ne4 13. Nd2 Nxd2 14. Qxd2 f6 15. Nb3 Bb6 16. Bc5 Qe7 17. Qc3 fxe5 18. fxe5 Qg5 19. Rxf8+ Rxf8 20. Rf1 Rxf1+ 21. Kxf1 Qf4+ 22. Qf3 Qc4+ 23. Qe2 Bg4 24. Qxc4 dxc4 25. Bxb6 cxb3 26. Bd4 c5 27. Bc3 bxa2 28. b3 Bd1 29. Kf2 Bxc2 30. Ke3 g5 31. Kd2 Bxb3 32. Kc1 Kf7 33. Kb2 Bd5 34. g3 Ke6 35. g4 Bf3 36. Kxa2 Bxg4 37. Kb3 Kd5 38. Ka4 Be2 39. Kb3 Bc4+ 0-1

[Event "WYCC 2018 G18"]
[Site "Halkidiki"]
[Date "2018.10.21"]
[Round "3"]
[White "Horn, Caro"]
[Black "Koehler, Inken"]
[Result "0-1"]
[ECO "B41"]
[WhiteElo "1133"]
[BlackElo "1934"]
[Annotator "NA"]
[PlyCount "140"]
[EventDate "2018.10.20"]
[EventType "swiss"]
[EventCountry "GRE"]
[SourceTitle "playchess.com"]
[Source "ChessBase"]
[SourceQuality "1"]
[TimeControl "40/5400+30:1800+30"]

1. e4 c5 2. Nf3 e6 3. d4 cxd4 4. Nxd4 a6 5. c4 Qc7 6. Nc3 Nf6 7. Bd2 Nc6 8. Nf3 d6 9. Be2 Be7 10. Qc2 O-O 11. O-O Ne5 12. Nxe5 dxe5 13. Rad1 Bd7 14. Qd3 Bc6 15. Qg3 Nxe4 16. Nxe4 Bxe4 17. Bh6 Bg6 18. Bd2 Rfd8 19. Bc3 Bd6 20. Rfe1 e4 21. Qh4 Bc5 22. Bh5 Rxd1 23. Rxd1 Be7 24. Qh3 Rd8 25. Rf1 Rd3 26. Qg4 Qxc4 27. Bxg6 hxg6 28. h3 Qd5 29. Re1 e3 30. fxe3 Bc5 31. Qg3 Qe4 32. Kh1 Rxe3 33. Rxe3 Qxe3 34. Qxe3 Bxe3 35. Kh2 f6 36. Kg3 Kf7 37. Kf3 Ba7 38. Ke4 f5+ 39. Ke5 Bb8+ 40. Kd4 g5 41. Ke3 e5 42. Kf3 e4+ 43. Ke2 g6 44. Kf2 Ke6 45. Ke2 f4 46. Kf2 Kf5 47. Ke2 g4 48. hxg4+ Kxg4 49. Kf2 Ba7+ 50. Kf1 g5 51. Be1 Kf5 52. Ke2 g4 53. Bc3 g3 54. Be1 Kg4 55. Kf1 f3 56. gxf3+ exf3 57. Bxg3 Kxg3 58. b3 b5 59. a4 bxa4 60. bxa4 a5 61. Ke1 Kg2 62. Kd2 f2 63. Ke2 f1=Q+ 64. Kd2 Kf3 65. Kc3 Ke4 66. Kc2 Qd3+ 67. Kc1 Be3+ 68. Kb2 Bd4+ 69. Kc1 Qe2 70. Kb1 Qb2# 0-1

[Event "WYCC 2018 G18"]
[Site "Halkidiki"]
[Date "2018.10.22"]
[Round "4"]
[White "Sargsyan, Anna M."]
[Black "Kiolbasa, Oliwia"]
[Result "1-0"]
[ECO "D25"]
[WhiteElo "2331"]
[BlackElo "2254"]
[Annotator "NA"]
[PlyCount "127"]
[EventDate "2018.10.20"]
[EventType "swiss"]
[EventCountry "GRE"]
[SourceTitle "playchess.com"]
[Source "ChessBase"]
[SourceQuality "1"]
[TimeControl "40/5400+30:1800+30"]

1. d4 d5 2. c4 dxc4 3. Nf3 Nf6 4. e3 a6 5. Bxc4 b5 6. Be2 Bb7 7. O-O e6 8. b3 Nbd7 9. Bb2 c5 10. Nbd2 Be7 11. Rc1 {[%emt 0:01:18] D27: Queen's Gambit Accepted: Classical main line: 7 e4!? and 7 a4} O-O 12. dxc5 Nxc5 13. Nd4 $146 ({Predecessor:} 13. Ne5 Rc8 14. Ndf3 Qa5 15. a3 Rfd8 16. Nd4 Qb6 17. Bf3 Nfe4 18. Nd3 Bf6 19. Nxc5 Nxc5 20. Bxb7 Qxb7 21. f4 Qe4 22. Rc3 Rxd4 {0-1 (22) Donaldson,J (2396)-Sadvakasov,D (2509) Los Angeles 2000}) 13... Nd5 14. a4 b4 15. Rc2 Rc8 16. Qa1 Bf6 17. Rfc1 Qe7 18. a5 Rfd8 19. Rc4 Qf8 20. Bf1 Be7 21. Qb1 Nf6 $11 22. N4f3 Bd5 23. Rxb4 Rb8 24. Rxb8 Rxb8 25. Be5 Rb4 26. Bc4 Bxc4 27. Rxc4 Ncd7 28. Bd4 Rb5 29. Qc2 Bc5 30. h3 h6 31. Bxf6 gxf6 32. Qd3 Qe7 33. Rg4+ Kh8 34. Nc4 f5 35. Rh4 Kg7 36. e4 Nf6 37. exf5 exf5 38. Qd2 Ng8 39. Rf4 Rxb3 40. Qc2 Qb7 41. Rxf5 Rb1+ 42. Kh2 Rb5 43. Rf4 Be7 44. g3 Rc5 45. Qd3 Qd5 46. Rg4+ Kh8 47. Qxd5 Rxd5 48. Nfe5 f6 49. Ng6+ Kh7 50. Nxe7 Nxe7 51. Re4 Ng6 52. Re6 Rc5 53. Ne3 Rxa5 54. Rxf6 Ra2 55. Kg2 Ne5 56. Rd6 a5 57. g4 a4 58. Kg3 Ra3 59. Kf4 Nd3+ 60. Kf5 Rb3 61. Rd7+ Kg8 62. Nd5 Rb5 63. Kf6 Nxf2 64. Ne7+ 1-0

[Event "WYCC 2018 G18"]
[Site "Halkidiki"]
[Date "2018.10.22"]
[Round "4"]
[White "Di Benedetto, Desiree"]
[Black "Hng, Mei-En Emmanuelle"]
[Result "0-1"]
[ECO "A43"]
[WhiteElo "2321"]
[BlackElo "2020"]
[Annotator "NA"]
[PlyCount "114"]
[EventDate "2018.10.20"]
[EventType "swiss"]
[EventCountry "GRE"]
[SourceTitle "playchess.com"]
[Source "ChessBase"]
[SourceQuality "1"]
[TimeControl "40/5400+30:1800+30"]

1. d4 Nf6 2. Nf3 c5 3. d5 e6 4. Nc3 d6 5. e4 exd5 6. Nxd5 Nxd5 7. Qxd5 Nc6 8. Ng5 Qc7 9. Bc4 {[%emt 0:01:02] LiveBook: 20 Games} Nd4 (9... Nd8 $142) 10. Qxf7+ Qxf7 11. Nxf7 Nxc2+ 12. Kd1 Nxa1 13. Nxh8 Bd7 14. Bg5 Be7 15. Nf7 Bc6 16. Bxe7 Kxe7 17. Ng5 Kf6 $16 18. h4 h6 19. f4 b5 20. Be2 hxg5 21. hxg5+ Kf7 22. Kd2 Bxe4 23. Rxa1 Bxg2 24. Bxb5 Rb8 25. a4 d5 26. Kc3 Be4 27. Re1 Rh8 28. Bd7 Rh2 29. f5 Rf2 30. Be6+ Kf8 31. Rg1 Ke7 32. Rg3 Kd6 33. b4 cxb4+ 34. Kxb4 Bxf5 35. Bxf5 Rxf5 36. Kb5 d4+ 37. Kc4 Ra5 38. Kb4 Rc5 39. g6 a5+ 40. Kb3 Rc3+ 41. Rxc3 dxc3 42. Kxc3 Kc5 43. Kd3 Kb4 44. Kd4 Kxa4 45. Kc4 Ka3 46. Kd5 Kb4 47. Ke6 a4 48. Kf7 a3 49. Kxg7 a2 50. Kf7 a1=Q 51. g7 Qf1+ 52. Ke7 Qg2 53. Kf8 Qf3+ 54. Ke7 Qg4 55. Kf8 Qf5+ 56. Ke7 Qg6 57. Kf8 Qf6+ 0-1

[Event "WYCC 2018 G18"]
[Site "Halkidiki"]
[Date "2018.10.22"]
[Round "4"]
[White "Avramidou, Anastasia"]
[Black "Garcia Martin, Marta"]
[Result "1/2-1/2"]
[ECO "A22"]
[WhiteElo "2285"]
[BlackElo "2329"]
[Annotator "NA"]
[PlyCount "63"]
[EventDate "2018.10.20"]
[EventType "swiss"]
[EventCountry "GRE"]
[SourceTitle "playchess.com"]
[Source "ChessBase"]
[SourceQuality "1"]
[TimeControl "40/5400+30:1800+30"]

1. c4 Nf6 2. Nc3 e5 3. g3 Bb4 4. Qc2 O-O 5. Bg2 Re8 6. e3 Bxc3 {[%emt 0:17:55] A22: English Opening: 1...e5 2 Nc3 Nf6} 7. dxc3 d6 (7... e4 $17) 8. e4 Be6 $146 ({Predecessor:} 8... a6 9. Ne2 b5 10. cxb5 axb5 11. O-O Nbd7 12. Rd1 Bb7 13. b3 Qb8 14. c4 bxc4 {0-1 (35) Tuominen,M-Keskisarja,T (2260) Finland 1995}) 9. b3 {[%emt 0:00:16] LiveBook: 9 Games} a5 10. Nf3 a4 11. Rb1 Qc8 12. Nd2 Bh3 13. O-O axb3 14. axb3 Bxg2 15. Kxg2 Nbd7 16. Re1 b6 17. Nf1 Qb7 18. Bg5 Ra3 19. f3 Rea8 20. Ne3 h6 $11 21. Bxf6 Nxf6 22. Rb2 Qc6 23. Qd3 Qc5 24. Ree2 Ra1 25. b4 Qc6 26. Nc2 R1a4 27. Ne3 Ra1 28. Nc2 R1a7 29. Ne3 Ra1 30. Nc2 R1a7 31. Ne3 Ra1 32. Nc2 1/2-1/2

[Event "WYCC 2018 G18"]
[Site "Halkidiki"]
[Date "2018.10.22"]
[Round "4"]
[White "Sliwicka, Alicja"]
[Black "Redondo Benavente, Ana"]
[Result "1/2-1/2"]
[ECO "C65"]
[WhiteElo "2264"]
[BlackElo "2055"]
[Annotator "NA"]
[PlyCount "45"]
[EventDate "2018.10.20"]
[EventType "swiss"]
[EventCountry "GRE"]
[SourceTitle "playchess.com"]
[Source "ChessBase"]
[SourceQuality "1"]
[TimeControl "40/5400+30:1800+30"]

1. e4 e5 2. Nf3 Nc6 3. Bb5 Nf6 4. d3 Bc5 5. c3 O-O 6. O-O d6 7. Nbd2 Ne7 8. h3 c6 9. Ba4 Bb6 10. Re1 Ng6 11. Bc2 Re8 12. d4 Bc7 13. Nf1 a5 14. Ng3 h6 15. Nf5 d5 $15 16. Nxe5 dxe4 17. Ng3 Nxe5 18. dxe5 Qxd1 19. Rxd1 Bxe5 20. Nxe4 Nxe4 21. Bxe4 Bc7 22. Bf3 Bf5 23. Be3 1/2-1/2

[Event "WYCC 2018 G18"]
[Site "Halkidiki"]
[Date "2018.10.22"]
[Round "4"]
[White "Injac, Teodora"]
[Black "Bauyrzhan, Arnash"]
[Result "1-0"]
[ECO "A48"]
[WhiteElo "2258"]
[BlackElo "2011"]
[Annotator "NA"]
[PlyCount "55"]
[EventDate "2018.10.20"]
[EventType "swiss"]
[EventCountry "GRE"]
[SourceTitle "playchess.com"]
[Source "ChessBase"]
[SourceQuality "1"]
[TimeControl "40/5400+30:1800+30"]

1. d4 Nf6 2. Nf3 g6 3. Nbd2 d5 4. e3 Bg7 5. b4 O-O {[%emt 0:02:45] D02: 1 d4 d5 2 Nf3 sidelines, including 2...Nf6 3 g3 and 2...Nf6 3 Bf4} 6. Bb2 (6. c4 a5 7. b5 c5 8. Bb2 Nbd7 9. Be2 b6 10. O-O Bb7 11. Rc1 Rc8 12. cxd5 Bxd5 13. Bc4 Bb7 14. Qe2 {1-0 (45) Inarkiev,E (2690)-Wei,Y (2735) Magas 2018}) 6... c6 7. a4 Nbd7 8. Be2 Re8 $146 ({Predecessor:} 8... a5 9. bxa5 Qxa5 10. O-O Qc7 {1-0 (23) Epishin,V (2541)-Dijkhuis,O (2033) Bruges 2017}) 9. c4 Qb6 10. Qb3 a5 11. b5 cxb5 12. axb5 dxc4 13. Nxc4 Qd8 14. Ng5 Rf8 15. O-O h6 16. Nf3 b6 17. Rfd1 Bb7 18. Nfe5 Bd5 19. Nc6 Qe8 20. Ba3 Kh7 21. Nxe7 Rh8 22. Nxd5 $18 Nxd5 23. Nd6 Qe6 24. Bc4 a4 25. Qa2 N7f6 26. e4 Bf8 27. Bxd5 Nxd5 28. Qxd5 1-0

[Event "WYCC 2018 G18"]
[Site "Halkidiki"]
[Date "2018.10.22"]
[Round "4"]
[White "Afonasieva, Anna"]
[Black "Obolentseva, Alexandra"]
[Result "0-1"]
[ECO "A49"]
[WhiteElo "2245"]
[BlackElo "2298"]
[Annotator "NA"]
[PlyCount "98"]
[EventDate "2018.10.20"]
[EventType "swiss"]
[EventCountry "GRE"]
[SourceTitle "playchess.com"]
[Source "ChessBase"]
[SourceQuality "1"]
[TimeControl "40/5400+30:1800+30"]

1. d4 Nf6 2. Nf3 g6 3. g3 Bg7 4. Bg2 c5 5. c4 cxd4 6. Nxd4 O-O 7. O-O Nc6 8. Nc3 d6 9. e3 Bg4 {[%emt 0:09:57] E61: Königsindisch (Abweichungen der Hauptvariante)} 10. Qa4 Nd7 $146 ({Vorgänger:} 10... Bd7 11. Nxc6 Bxc6 12. Bxc6 bxc6 13. Qxc6 Rc8 14. Qa6 Qd7 15. Bd2 Rc6 16. Qb5 Rfc8 17. Nd5 {0-1 (62) Khismatullin,D (2584)-Kornev,A (2575) Kazan 2006}) 11. Nxc6 bxc6 12. c5 Ne5 13. h3 Bf3 14. Bxf3 Nxf3+ 15. Kg2 Ne5 16. Rd1 Qc7 17. cxd6 exd6 18. e4 Kh8 19. Be3 f5 20. Rac1 Qf7 $11 21. b3 fxe4 22. Nxe4 Qf3+ 23. Kh2 d5 24. Ng5 Qe2 25. Kg1 Rae8 26. Re1 Qh5 27. Bf4 h6 28. g4 Qh4 29. Rxe5 Bxe5 30. Nf3 Rxf4 31. Nxh4 Rxa4 32. bxa4 Re6 33. Nf3 Bf6 34. Rb1 c5 35. Rb8+ Kg7 36. Rb7+ Re7 37. Rb5 Rc7 38. Ne1 d4 39. Kf1 c4 40. Ke2 d3+ 41. Kd1 Bh4 42. Rd5 Bxf2 43. Nxd3 cxd3 44. Rxd3 Rc4 45. Rd7+ Kf6 46. Rd6+ Kg5 47. Rd5+ Kh4 48. Rd6 Rxa4 49. Rxg6 Be3 0-1

[Event "WYCC 2018 G18"]
[Site "Halkidiki"]
[Date "2018.10.22"]
[Round "4"]
[White "Hrescak, Ivana"]
[Black "Perry, Tal"]
[Result "1/2-1/2"]
[ECO "A58"]
[WhiteElo "2173"]
[BlackElo "1702"]
[Annotator "NA"]
[PlyCount "81"]
[EventDate "2018.10.20"]
[EventType "swiss"]
[EventCountry "GRE"]
[SourceTitle "playchess.com"]
[Source "ChessBase"]
[SourceQuality "1"]
[TimeControl "40/5400+30:1800+30"]

1. d4 Nf6 2. c4 c5 3. d5 b5 4. cxb5 a6 5. bxa6 Bxa6 6. Nc3 g6 7. g3 d6 8. Bg2 Bg7 9. Nf3 Nbd7 10. Rb1 O-O 11. O-O Qa5 12. Bd2 Rfb8 13. a4 Qc7 14. b3 Nb6 15. Ng5 Qb7 16. Re1 Nfxd5 17. Nxd5 Nxd5 18. Bf4 e6 19. Bxd6 Rd8 20. Bxd5 exd5 21. Bxc5 Bc3 22. Nf3 Bxe1 23. Qxe1 Re8 24. Nd4 Qd7 25. Qd1 Rac8 26. b4 Bc4 27. Ra1 Qg4 28. e3 Qe4 29. Qf3 Qd3 30. Qd1 Qe4 31. Qf3 Qd3 32. Rd1 Qa3 33. a5 Rxc5 34. bxc5 Qxc5 35. Ra1 Ra8 36. Qf6 Qc7 37. Nc6 Ra6 38. Qd8+ Qxd8 39. Nxd8 d4 40. Nb7 d3 41. Nc5 1/2-1/2

[Event "WYCC 2018 G18"]
[Site "Halkidiki"]
[Date "2018.10.22"]
[Round "4"]
[White "Gajcin, Marina"]
[Black "Nass, Sara"]
[Result "1-0"]
[ECO "B10"]
[WhiteElo "2153"]
[BlackElo "1986"]
[Annotator "NA"]
[PlyCount "17"]
[EventDate "2018.10.20"]
[EventType "swiss"]
[EventCountry "GRE"]
[SourceTitle "playchess.com"]
[Source "ChessBase"]
[SourceQuality "1"]
[TimeControl "40/5400+30:1800+30"]

1. e4 c6 2. Nf3 d5 3. Nc3 dxe4 4. Nxe4 Nf6 5. Qe2 Nxe4 6. Qxe4 Qd5 7. Qf4 Bf5 8. Bc4 Qc5 $18 (8... Qe4+ $16 9. Qxe4 Bxe4) 9. b4 1-0

[Event "WYCC 2018 G18"]
[Site "Halkidiki"]
[Date "2018.10.22"]
[Round "4"]
[White "Arpita, Mukherjee"]
[Black "Prakapuk, Vera"]
[Result "1/2-1/2"]
[ECO "B12"]
[WhiteElo "2147"]
[BlackElo "1949"]
[Annotator "NA"]
[PlyCount "116"]
[EventDate "2018.10.20"]
[EventType "swiss"]
[EventCountry "GRE"]
[SourceTitle "playchess.com"]
[Source "ChessBase"]
[SourceQuality "1"]
[TimeControl "40/5400+30:1800+30"]

1. e4 c6 2. d4 d5 3. e5 c5 4. dxc5 Nc6 5. Nf3 Bg4 6. c3 e6 7. Be3 Bxf3 8. Qxf3 Nxe5 9. Bb5+ Nc6 10. c4 a6 11. Ba4 Qf6 12. Nd2 Nge7 13. Qxf6 gxf6 14. O-O O-O-O 15. f3 d4 16. Bf2 Ng6 17. Bxc6 bxc6 18. b4 e5 19. g4 Be7 20. Bg3 h5 21. h3 Rhg8 22. Kf2 h4 23. Bh2 Nf8 24. f4 exf4 25. Bxf4 Ne6 26. Bh2 f5 27. gxf5 Ng5 28. Rfe1 Nxh3+ 29. Kf3 Ng5+ 30. Kf2 Bf6 31. Rab1 d3 32. Rb3 Nh3+ 33. Kf1 Rg5 34. Ne4 Rxf5+ 35. Kg2 Rg8+ 36. Kh1 d2 37. Rd1 Nf2+ 38. Nxf2 Rxf2 39. Re3 Bg5 40. Re4 Bf6 41. a4 Rgg2 42. Bf4 h3 43. b5 axb5 44. axb5 h2 45. Re8+ Bd8 46. Bxd2 Rxd2 47. Ra1 Ra2 48. Rd1 Rgd2 49. Rde1 cxb5 50. cxb5 Rg2 51. b6 Rg1+ 52. Rxg1 hxg1=Q+ 53. Kxg1 Rb2 54. Rf8 f6 55. Kf1 Rb5 56. Ke2 Rb1 57. Kf3 Rb5 58. Kf4 Rxc5 1/2-1/2

[Event "WYCC 2018 G18"]
[Site "Halkidiki"]
[Date "2018.10.22"]
[Round "4"]
[White "Tejaswini, Sagar"]
[Black "Cibikova, Sofia Anna"]
[Result "1-0"]
[ECO "B40"]
[WhiteElo "2139"]
[BlackElo "1809"]
[Annotator "NA"]
[PlyCount "43"]
[EventDate "2018.10.20"]
[EventType "swiss"]
[EventCountry "GRE"]
[SourceTitle "playchess.com"]
[Source "ChessBase"]
[SourceQuality "1"]
[TimeControl "40/5400+30:1800+30"]

1. e4 c5 2. Nf3 e6 3. d4 cxd4 4. Nxd4 Nf6 5. Nc3 Nc6 6. Nxc6 bxc6 7. e5 Nd5 8. Ne4 Qc7 9. f4 f5 10. exf6 Nxf6 11. Nxf6+ gxf6 12. Qh5+ Ke7 13. Be3 d5 14. Bd3 c5 15. O-O Bb7 16. Rae1 Re8 17. Bf2 Kd8 18. Bh4 Be7 19. Rxe6 c4 20. Bf5 Bc5+ 21. Kh1 Rxe6 22. Bxe6 1-0

[Event "WYCC 2018 G18"]
[Site "Halkidiki"]
[Date "2018.10.22"]
[Round "4"]
[White "Janiashvili, Mariami"]
[Black "Nguyen, Thi Minh Thu"]
[Result "1-0"]
[ECO "A40"]
[WhiteElo "2081"]
[BlackElo "1849"]
[Annotator "NA"]
[PlyCount "111"]
[EventDate "2018.10.20"]
[EventType "swiss"]
[EventCountry "GRE"]
[SourceTitle "playchess.com"]
[Source "ChessBase"]
[SourceQuality "1"]
[TimeControl "40/5400+30:1800+30"]

1. d4 e6 2. Nf3 c5 3. g3 b6 4. Bg2 Bb7 5. O-O Nf6 6. e3 Be7 7. c4 O-O 8. Nc3 d5 9. cxd5 Nxd5 10. Nxd5 {[%emt 0:00:54] A30: Symmetrical English: Double Fianchetto and Hedgehog} exd5 $146 ({Predecessor:} 10... Bxd5 11. dxc5 Bxc5 12. Bd2 Nd7 13. Bc3 Qc7 14. Qc2 Be7 15. Rac1 Qb7 16. Rfd1 Nc5 17. Qe2 Rac8 18. Ne1 Bxg2 19. Nxg2 Ne4 20. Bd4 Rxc1 21. Rxc1 Rc8 22. Rxc8+ Qxc8 23. Ne1 Bf6 {½-½ (23) Bidkov,A (2132)-Kruglyakov,P (2289) Kiev 2007}) 11. dxc5 bxc5 12. Bd2 Bf6 13. Qc2 Qb6 14. Rac1 Na6 15. Bc3 d4 16. Bd2 Rad8 17. Rfd1 d3 18. Qa4 Bc6 19. Qa5 Bxb2 20. Qxb6 axb6 21. Rb1 Ba4 22. Rf1 Ba3 23. Rxb6 Nb4 24. Ne5 Rb8 25. Rxb8 Rxb8 26. Nc4 Nc2 27. Be4 Bb5 28. Bxd3 Rd8 29. Rb1 Bb4 30. Bxc2 Bxc4 31. Bxb4 cxb4 32. Rxb4 Bxa2 33. Bb3 Bxb3 34. Rxb3 g6 35. Rb7 Kg7 $16 36. Kg2 Rd6 37. g4 g5 38. Kg3 Kg6 39. h4 gxh4+ 40. Kxh4 h6 41. Kg3 f6 42. Rb5 Re6 43. Kf4 Ra6 44. e4 Ra2 45. Ke3 Ra3+ 46. Kf4 Ra2 47. f3 Ra4 48. Rb6 Ra5 49. Rd6 Ra4 50. Kg3 Ra5 51. Rd5 Ra7 52. e5 h5 53. Rd6 hxg4 54. Rxf6+ Kg5 55. f4+ Kh5 56. Rf5+ 1-0